 Dungeon Crawl Stone Soup version 0.29-a0-617-g7a6b98fccd (webtiles) character file.

Game seed: 17770078584475770637

1338 blackman the Slasher (level 8, 0/58 (65) HPs)
             Began as a Human Delver on June 17, 2022.
             Was a Believer of Zin.
             Killed by an exploding Maggie (14 damage)
             ... ignited by their inner flame
             ... on level 6 of the Dungeon.
             The game lasted 00:38:55 (6243 turns).

blackman the Slasher (Human Delver)                 Turns: 6243, Time: 00:38:55

HP:   0/58 (65)     AC: 10    Str: 22    XL:     8   Next: 93%
MP:   8/8           EV: 11    Int: 10    God:    Zin [**....]
Gold: 170           SH:  0    Dex: 14    Spells: 7/7 levels left

rFire   . . .      SeeInvis .   j - +1 scimitar (vorpal)
rCold   . . .      Faith    .   (no shield)
rNeg    . . .      Spirit   .   z - +2 ring mail {rPois}
rPois   +          Reflect  .   (no helmet)
rElec   .          Harm     .   (no cloak)
rCorr   .          Rampage  .   (no gloves)
Will    +....                   u - +1 pair of boots
Stlth   ++........              (no amulet)
HPRegen 0.19/turn               t - ring of the Sneaky Leylines {Will+ Str+6}
MPRegen 0.11/turn               (no ring)

@: studying Long Blades, heavily drained
A: no striking features
a: Renounce Religion, Recite, Vitalisation, Donate Gold


You were on level 6 of the Dungeon.
You worshipped Zin.
Zin was pleased with you.
You visited 2 branches of the dungeon, and saw 7 of its levels.

You collected 188 gold pieces.
You donated 18 gold pieces to Zin.

Inventory:

Hand Weapons
 a - a +0 falchion
 j - a +1 vorpal scimitar (weapon)
 k - a +0 trident
Missiles
 n - 3 atropa-tipped darts (quivered)
 w - 9 poisoned darts
Armour
 b - a +0 leather armour
 i - a +0 scale mail
 l - a +0 plate armour
 u - a +1 pair of boots (worn)
 z - a +2 ring mail of poison resistance (worn)
Jewellery
 s - a ring of flight
 t - the ring of the Sneaky Leylines (left hand) {Will+ Str+6}
   (You found it on level 2 of the Dungeon)

   [ring of strength]

   Str:       It affects your strength (+6).
   Will:      It increases your willpower.
 C - an amulet of magic regeneration
Wands
 d - a wand of iceblast (15)
 g - a wand of digging (9)
 m - a wand of flame (6)
Scrolls
 c - a scroll of fog
 e - a scroll of silence
 f - a scroll of enchant weapon
 o - a scroll of amnesia
 x - a scroll of poison
Potions
 h - 2 potions of magic {unknown}
 p - 3 potions of flight
 q - a potion of mutation {unknown}
 r - a potion of curing {unknown}
 v - a potion of degeneration {unknown}
 A - 2 potions of invisibility {unknown}
 B - a potion of brilliance {unknown}


   Skills:
 - Level 6.3 Fighting
 * Level 7.1 Long Blades
 - Level 5.4 Armour
 - Level 2.0 Dodging
 - Level 5.0 Stealth


You had 7 spell levels left.
You didn't know any spells.
Your spell library contained the following spells:

 Spells                   Type           Power      Damage    Failure   Level
 Conjure Flame            Conj/Fire      0%         6-21      86%         3
 Ignite Poison            Fire/Tmut/Pois 0%         N/A       86%         3
 Sticky Flame             Conj/Fire      0%         2d3       99%         4


Dungeon Overview and Level Annotations

Branches:
Dungeon (6/15)             Temple (1/1) D:4

Altars:
Ashenzari
Cheibriados
Dithmenos
Elyvilon
Fedhas
Gozag
Hepliaklqana
Kikubaaqudgha
Makhleb
Nemelex Xobeh
Qazlal
Ru
Sif Muna
Trog
Uskayaw
Vehumet
Xom
Yredelemnul
Zin

Shops:
D:1 *   D:4 (([?[

Annotations:
D:2 1 runed translucent door, Crazy Yiuf


Message History

You barely miss Maggie.
Maggie is moderately wounded.
Maggie says, "Leave now, and tell all of Margery's mercy!"
Maggie hits you with a +3 long sword of draining.
You feel drained.
An orc comes into view. It is wielding a +0 flail.
As you read the scroll of immolation, it crumbles to dust.
The creatures around you are filled with an inner flame!
Maggie hits you with a +3 long sword of draining!
You feel drained.
* * * LOW HITPOINT WARNING * * *
Maggie mumbles some strange words.
Maggie attempts to bespell you!
You easily resist.
As you read the scroll of fog, it crumbles to dust.
The scroll dissolves into smoke.
The orc misses you. The orc attacks as you move away! The orc misses you.
Throw: throwing net
Press: ? - help, Shift-Dir - straight line, f/p - Maggie
Aim: Maggie, wielding a +3 long sword of draining and wearing +0 steam dragon scales (blue smoke, moderately wounded, inner flame, 62% to hit)
You throw a throwing net. The throwing net hits Maggie.
Maggie is caught in the net!
Maggie is moderately wounded.
Maggie struggles against the net.
You slash Maggie!
Flame seeps out of Maggie. x2
Maggie is heavily wounded.
Maggie struggles against the net.
The orc barely misses you.
You hit Maggie.
Flame seeps out of Maggie. x2
Maggie is severely wounded.
The orc hits you with a +0 falchion.
* * * LOW HITPOINT WARNING * * *
Maggie mumbles some strange words.
Maggie attempts to bespell you! You resist with almost no effort.
Maggie struggles against the net.
You hear a shout!
You slash Maggie!
Flame seeps out of Maggie. x2
Maggie is almost dead.
You slash Maggie!
Flame seeps out of Maggie.
Maggie explodes!
The fiery explosion engulfs the orc!! x2; The fiery explosion engulfs you!
You die...

###+##......# #.#
#......###.#.#
#.......##.#.#
#.......##.#.#
#........#)#.#
##......#.#)#.# #
.....####§§§#.####.#
....... ##§§#.......
......(###@§§......#
#......+§§§§§.......
#......##§#§§.......
#.......§§o§........
#.................##
#........(..........
####+##§#.#####.####
.....§§§.# .#
....#§§..# .#


There were no monsters in sight!

Vanquished Creatures
  Maggie (D:6)
  A komodo dragon (D:5)
  2 water moccasins (D:5)
  Edmund (D:4)
  2 ogres (D:5)
  A centaur (D:6)
  A phantom (D:5)
  A scorpion (D:5)
  A hound (D:5)
  5 iguanas (D:5)
  A scorpion zombie (D:3)
  2 gnolls (D:5)
  5 adders
  A shadow imp (D:5)
  A white imp (D:5)
  An ufetubus (D:6)
  An adder zombie (D:3)
  2 worms
  A dart slug (D:5)
  15 orcs
  4 ball pythons
  6 bats
  11 endoplasms
  3 giant cockroaches
  6 goblins
  6 hobgoblins
  8 jackals
  3 quokkas
  A ball python zombie (D:3)
  2 frilled lizards
  6 kobolds
  6 rats
108 creatures vanquished.

Notes
Turn   | Place    | Note
-------+----------+-------------------------------------------
     0 | D:5      | blackman the Human Delver began the quest for the Orb.
     0 | D:5      | Reached XP level 1. HP: 18/18 MP: 1/1
     9 | D:4      | Noticed Edmund
    28 | D:4      | Found Bequw's Antique Armour Shop.
    28 | D:4      | Found Ceoss's Weapon Boutique.
    47 | D:4      | Found Tile's Magic Scroll Shoppe.
    76 | D:3      | Reached XP level 2. HP: 8/24 MP: 2/2
   193 | D:4      | Found a staircase to the Ecumenical Temple.
   202 | Temple   | Entered the Ecumenical Temple
   735 | Temple   | Became a worshipper of Zin the Law-Giver
   815 | D:3      | Found a burning altar of Makhleb.
   820 | D:3      | Reached skill level 3 in Long Blades
  1027 | D:3      | You fall into a shaft and drop 3 floors!
  1087 | D:3      | Found a hazy altar of Hepliaklqana.
  1110 | D:3      | Reached XP level 3. HP: 14/29 MP: 3/3
  1118 | D:3      | Found a sacrificial altar of Ru.
  1410 | D:2      | Reached skill level 4 in Long Blades
  1410 | D:2      | Reached XP level 4. HP: 17/35 MP: 4/4
  1739 | D:2      | Found a runed translucent door.
  1740 | D:2      | Noticed Crazy Yiuf
  1856 | D:1      | Found Pokh's General Store.
  1944 | D:1      | Found a faded altar of an unknown god.
  2665 | D:2      | Reached XP level 5. HP: 35/41 MP: 5/5
  2855 | D:2      | Identified the ring of the Sneaky Leylines {Will+ Str+6}
  2916 | D:2      | Found a blossoming altar of Fedhas.
  3143 | D:3      | Found an opulent altar of Gozag.
  3385 | D:3      | Identified the +1 long sword of Uremidodd {drain, rN+ SInv}
  3412 | D:3      | Found a shimmering blue altar of Sif Muna.
  3416 | D:3      | Found a shimmering altar of Xom.
  3427 | D:3      | Reached skill level 5 in Long Blades
  3471 | D:3      | Found a basalt altar of Yredelemnul.
  4042 | D:4      | Killed Edmund
  4043 | D:4      | Reached skill level 6 in Long Blades
  4043 | D:4      | Reached XP level 6. HP: 47/47 MP: 6/6
  4112 | D:4      | Reached * piety under Zin
  4143 | D:4      | Found Yveyx Mewke's Weapon Shop.
  4193 | D:4      | Found a bloodstained altar of Trog.
  4232 | D:4      | Found a hide-covered altar of Uskayaw.
  4318 | D:4      | Found Ceyrphuss's Antique Armour Boutique.
  4482 | D:5      | Noticed a water moccasin
  4489 | D:5      | Killed a water moccasin
  4490 | D:5      | Reached skill level 1 in Armour
  4490 | D:5      | Reached XP level 7. HP: 51/52 MP: 7/7
  4612 | D:5      | Noticed a komodo dragon
  4627 | D:5      | Killed a komodo dragon
  4630 | D:5      | Noticed a water moccasin
  5242 | D:5      | Reached XP level 8. HP: 55/61 MP: 8/8
  5341 | D:5      | Reached skill level 5 in Fighting
  5559 | D:5      | Reached ** piety under Zin
  5760 | D:5      | Reached skill level 5 in Armour
  6134 | D:6      | Reached skill level 7 in Long Blades
  6215 | D:6      | Noticed Maggie
  6243 | D:6      | Killed Maggie
  6243 | D:6      | Killed by an exploding Maggie... ignited by their inner
                  | flame

Illustrated notes

Levels and vault maps discovered:
D:1:      amcnicky_arrival_blooded_trapdoor, layout_loops_ring, serial_shops,
          shop_fountains, shapermc_ecumenical_altar_petra,
          kennysheep_pointless_box
D:2:      layout_rooms, basic_altar, minmay_pentomino_x2,
          uniq_crazy_yiuf_cottage
D:3:      layout_rooms, nicolae_overflow_hidden_temple, grunt_gozag_breadcrumbs,
          chequers_temple_overflow_statue_of_worship,
          nicolae_yredelemnul_corpse_copse, kennysheep_doodads,
          kennysheep_big_empty_room
D:4:      layout_rooms, nicolae_uskayaw_suspiria, trog_book,
          minmay_temple_entry_large_hall, serial_shops, shop,
          nicolae_shop_bloodbath_and_beyond, nicolae_shop_window_shopping, shop,
          shop, uniq_edmund
D:5:      layout_loops_ring, minmay_manual_moon
D:6:      layout_basic, nicolae_tso_swordbearing_angel,
          kennysheep_okawaru_gauntlet, nicolae_water_bricks, uniq_maggie,
          uniq_sigmund
Temple:   chequers_temple_sunken

Skill      XL: |  1  2  3  4  5  6  7  8 |
---------------+-------------------------+-----
Long Blades    | 3 4 6 7 |  7.1
Armour         | 1 3 5 |  5.4
Fighting       | 4 6 |  6.3
Dodging        | |  2.0
Stealth        | |  5.0

Action                   |  1- 3 |  4- 6 |  7- 9 || total
-------------------------+-------+-------+-------++-------
Melee: Falchion          |    34 |       |       ||    34
       Scimitar          |    25 |   121 |   105 ||   251
       Punch             |     1 |       |     1 ||     2
Throw: Dart              |       |     2 |     6 ||     8
       Throwing net      |       |       |     1 ||     1
Invok: Recite            |       |       |     1 ||     1
Evoke: Wand              |     3 |     5 |    12 ||    20
  Use: Scroll            |     3 |     7 |     7 ||    17
       Potion            |     1 |       |       ||     1
 Stab: Sleeping          |     3 |     6 |     2 ||    11
Armor: Leather armour    |    11 |       |       ||    11
       Scale mail        |     5 |    48 |       ||    53
       Ring mail         |       |    10 |    38 ||    48
Dodge: Dodged            |    52 |    68 |    63 ||   183

Table legend: (Time is in decaauts)
 A = Elapsed time spent in this place.
 B = Non-inter-level travel time spent in this place.
 C = Inter-level travel time spent in this place.
 D = Time resting spent in this place.
 E = Time spent auto-exploring this place.
 F = Levels seen in this place.
 G = Mean time per level.
                   A        B        C        D        E       F      G
               +--------+--------+--------+--------+--------+-----+--------+
         Total |   6316 |   6103 |    213 |   1781 |   2885 |   7 |  902.3 |
       Dungeon |   5713 |   5559 |    154 |   1457 |   2680 |   6 |  952.2 |
        Temple |    602 |    543 |     59 |    324 |    205 |   1 |  602.0 |
               +--------+--------+--------+--------+--------+-----+--------+

Top non-repeatable levels by time:
     D:3: 1294 daAuts
     D:5: 1264 daAuts
     D:4: 1146 daAuts
     D:2: 1041 daAuts
     D:1: 835 daAuts
  Temple: 602 daAuts
     D:6: 130 daAuts
